 Dungeon Crawl Stone Soup version 0.28.0-1-gb440e238dd (webtiles) character file.

Game seed: 2642828907529995713

306 Ablot the Grasshopper (level 6, -4/51 HPs)
             Began as a Gnoll Warper on Feb 22, 2022.
             Slain by Grinder (7 damage)
             ... on level 3 of the Dungeon.
             The game lasted 00:05:12 (3017 turns).

Ablot the Grasshopper (Gnoll Warper)                Turns: 3017, Time: 00:05:13

Health: -4/51      AC:  5    Str: 12    XL:     6   Next: 39%
Magic:  14/14      EV: 13    Int: 12    God:
Gold:   61         SH:  0    Dex: 12    Spells: 13/15 levels left

rFire   . . .      SeeInvis .   n - +1 dagger (speed)
rCold   + . .      Faith    .   (no shield)
rNeg    . . .      Spirit   .   o - +1 robe {rC+}
rPois   .          Reflect  .   t - +0 helmet
rElec   .          Harm     .   (no cloak)
rCorr   .          Rampage  .   q - +0 pair of gloves
Will    .....                   (no boots)
Stlth   ++........              (no amulet)
HPRegen 0.17/turn               (no ring)
MPRegen 0.14/turn               (no ring)

@: no status effects
A: fangs 1, strong nose, distributed training
a: no special abilities


You were on level 3 of the Dungeon.
You visited 1 branch of the dungeon, and saw 3 of its levels.

You collected 61 gold pieces.

Inventory:

Hand Weapons
 a - a +0 spear
 n - a +1 dagger of speed (weapon)
Missiles
 b - 40 bolts
 d - 5 boomerangs of dispersal
 i - 6 boomerangs (quivered)
 j - 45 stones
 s - 24 arrows
Armour
 o - a +1 robe of cold resistance (worn)
 q - a +0 pair of gloves (worn)
 t - a +0 helmet (worn)
Magical Staves
 p - a staff of air
Scrolls
 c - a scroll of blinking
 f - a scroll of teleportation {unknown}
 g - 2 scrolls of immolation {unknown}
 k - 2 scrolls of identify {unknown}
 l - a scroll of enchant weapon {unknown}
 r - a scroll of noise {unknown}
Potions
 e - 2 potions of lignification {unknown}
 h - a potion of heal wounds {unknown}
 m - a potion of ambrosia {unknown}


   Skills:
 + Level 5.0 Fighting
 + Level 2.0 Short Blades
 + Level 2.0 Long Blades
 + Level 2.0 Axes
 + Level 2.0 Maces & Flails
 + Level 5.0 Polearms
 + Level 2.0 Staves
 + Level 2.0 Slings
 + Level 2.0 Bows
 + Level 2.0 Crossbows
 + Level 3.2 Throwing
 + Level 3.2 Armour
 + Level 5.0 Dodging
 + Level 2.0 Stealth
 + Level 2.0 Shields
 + Level 2.0 Unarmed Combat
 + Level 5.3 Spellcasting
 + Level 1.5 Conjurations
 + Level 1.5 Hexes
 + Level 1.5 Summonings
 + Level 1.5 Necromancy
 + Level 5.6 Translocations
 + Level 1.5 Transmutations
 + Level 1.5 Fire Magic
 + Level 1.5 Ice Magic
 + Level 1.5 Air Magic
 + Level 1.5 Earth Magic
 + Level 1.5 Poison Magic
 + Level 2.1 Invocations
 + Level 2.0 Evocations


You had 13 spell levels left.
You knew the following spells:

 Your Spells              Type           Power      Damage    Failure   Level
a - Blink                 Tloc           32%        N/A       2%          2

Your spell library contained the following spells:

 Spells                   Type           Power      Damage    Failure   Level
 Gell's Gravitas          Tloc           16%        N/A       5%          3
 Lesser Beckoning         Tloc           16%        N/A       5%          3
 Teleport Other           Tloc           16%        N/A       5%          3
 Manifold Assault         Tloc           16%        N/A       45%         5


Dungeon Overview and Level Annotations

Branches:
Dungeon (3/15)

Altars:

Shops:
D:1 (

Annotations:
D:2 1 runed translucent door, exclusions: door and 1 more exclusion
D:3 Grinder


Innate Abilities, Weirdness & Mutations

You have very sharp teeth.
Your uncanny sense of smell can sniff out nearby items.
Your experience applies equally to all skills.


Message History

Grinder gestures at you. Pain shoots through your body!
You closely miss Grinder. You punch Grinder, but do no damage.
Grinder is lightly wounded.
You barely miss Grinder.
Grinder is lightly wounded.
Grinder hits you.
You writhe in agony.
You hit Grinder.
Grinder is lightly wounded.
Grinder says, "Don't move a muscle."
Grinder gestures at you. Pain shoots through your body!
You hit Grinder. Your bite misses Grinder.
Grinder is moderately wounded.
You closely miss Grinder.
Grinder is moderately wounded.
Grinder misses you.
You hit Grinder but do no damage. Your bite misses Grinder.
Grinder is moderately wounded.
You barely miss Grinder.
Grinder is moderately wounded.
Grinder barely misses you.
You hit Grinder. You bite Grinder, but do no damage.
Grinder is moderately wounded.
Grinder hits you!
You writhe in agony.
* * * LOW HITPOINT WARNING * * *
You closely miss Grinder.
Grinder is moderately wounded.
You hit Grinder. You bite Grinder, but do no damage.
Grinder is moderately wounded.
Grinder hits you.
* * * LOW HITPOINT WARNING * * *
You writhe in agony.
* * * LOW HITPOINT WARNING * * *
You hit Grinder. You bite Grinder, but do no damage.
Grinder is moderately wounded.
You hit Grinder but do no damage.
Grinder is moderately wounded.
Grinder hits you!
You die...

####.....###.#####
..................
###...........#####.
#.....####.......... #.#...#
##....#### ......# ##...# .
......# ##...# ... ###...#
##....####..... ###+ #
##..####......@5...... ..# #... #
##..........####..... ..# #... #
##.........#.# ... ..# #...
###...##.....#.# . #.# #...
......###.####.# #.###...
...............#### #..##...
......#...........########..##...
#####.#.#...#...........r...##...
....#.#.###.#.###.#########.####r


You could see Grinder.

Vanquished Creatures
  Sigmund (D:3)
  Jessica (D:2)
  Robin (D:3)
  3 adders
  A worm (D:3)
  2 dart slugs
  4 ball pythons
  10 endoplasms
  A giant cockroach (D:2)
  18 goblins
  9 hobgoblins
  5 jackals
  4 kobolds
  A quokka (D:1)
  2 bats (D:1)
  2 frilled lizards (D:2)
  9 rats
74 creatures vanquished.

Vanquished Creatures (others)
  A fungus (D:2)
1 creature vanquished.

Grand Total: 75 creatures vanquished

Notes
Turn   | Place    | Note
-------+----------+-------------------------------------------
     0 | D:1      | Ablot the Gnoll Warper began the quest for the Orb.
     0 | D:1      | Reached XP level 1. HP: 20/20 MP: 6/6
   117 | D:1      | Found Suntaeza's Weapon Shoppe.
   125 | D:1      | Reached XP level 2. HP: 23/26 MP: 7/7
   134 | D:1      | Learned a level 2 spell: Blink
   744 | D:1      | Reached XP level 3. HP: 31/31 MP: 9/9
   809 | D:1      | Reached skill level 5 in Spellcasting
  1205 | D:1      | Found a faded altar of an unknown god.
  1328 | D:2      | Noticed Jessica
  1342 | D:2      | Reached skill level 1 in Invocations
  1358 | D:2      | Killed Jessica
  1359 | D:2      | Reached skill level 1 in Short Blades
  1359 | D:2      | Reached skill level 1 in Long Blades
  1359 | D:2      | Reached skill level 1 in Axes
  1359 | D:2      | Reached skill level 1 in Maces & Flails
  1359 | D:2      | Reached skill level 1 in Staves
  1359 | D:2      | Reached skill level 1 in Slings
  1359 | D:2      | Reached skill level 1 in Bows
  1359 | D:2      | Reached skill level 1 in Crossbows
  1359 | D:2      | Reached skill level 1 in Stealth
  1359 | D:2      | Reached skill level 1 in Shields
  1359 | D:2      | Reached skill level 1 in Unarmed Combat
  1359 | D:2      | Reached skill level 1 in Evocations
  1359 | D:2      | Reached XP level 4. HP: 29/38 MP: 11/11
  1739 | D:2      | Found a runed translucent door.
  1918 | D:3      | Reached skill level 1 in Conjurations
  1918 | D:3      | Reached skill level 1 in Hexes
  1918 | D:3      | Reached skill level 1 in Summonings
  1918 | D:3      | Reached skill level 1 in Necromancy
  1918 | D:3      | Reached skill level 1 in Transmutations
  1918 | D:3      | Reached skill level 1 in Fire Magic
  1918 | D:3      | Reached skill level 1 in Ice Magic
  1918 | D:3      | Reached skill level 1 in Air Magic
  1918 | D:3      | Reached skill level 1 in Earth Magic
  1918 | D:3      | Reached skill level 1 in Poison Magic
  2360 | D:3      | Noticed Robin
  2361 | D:3      | Noticed Sigmund
  2367 | D:3      | Reached XP level 5. HP: 39/43 MP: 12/12
  2746 | D:3      | Killed Sigmund
  2747 | D:3      | Reached skill level 5 in Fighting
  2747 | D:3      | Reached skill level 5 in Polearms
  2747 | D:3      | Reached skill level 5 in Dodging
  2747 | D:3      | Reached XP level 6. HP: 38/51 MP: 14/14
  2840 | D:3      | Killed Robin
  2989 | D:3      | Noticed Grinder
  2989 | D:3      | Paralysed by Grinder for 5 turns
  3017 | D:3      | Slain by Grinder

Illustrated notes

Levels and vault maps discovered:
D:1:      elethiomel_arrival_infinity_welcomes_careful_drivers, layout_rooms,
          dilly_ecumenical_altar_fadedgnrine, serial_shops,
          nicolae_shop_bloodbath_and_beyond
D:2:      layout_rooms, minmay_heptomino_l4, uniq_crazy_yiuf_cottage,
          uniq_jessica
D:3:      layout_basic, hangedman_decor_growths, uniq_grinder, uniq_robin,
          uniq_sigmund

Skill      XL: |  1  2  3  4  5  6 |
---------------+-------------------+-----
Spellcasting   | 5 |  5.3
Invocations    | 1 2 |  2.1
Short Blades   | 1 2 |  2.0
Long Blades    | 1 2 |  2.0
Axes           | 1 2 |  2.0
Maces & Flails | 1 2 |  2.0
Staves         | 1 2 |  2.0
Slings         | 1 2 |  2.0
Bows           | 1 2 |  2.0
Crossbows      | 1 2 |  2.0
Stealth        | 1 2 |  2.0
Shields        | 1 2 |  2.0
Unarmed Combat | 1 2 |  2.0
Evocations     | 1 2 |  2.0
Conjurations   | 1 |  1.5
Hexes          | 1 |  1.5
Summonings     | 1 |  1.5
Necromancy     | 1 |  1.5
Transmutations | 1 |  1.5
Fire Magic     | 1 |  1.5
Ice Magic      | 1 |  1.5
Air Magic      | 1 |  1.5
Earth Magic    | 1 |  1.5
Poison Magic   | 1 |  1.5
Fighting       | 5 |  5.0
Polearms       | 5 |  5.0
Throwing       | 3 |  3.2
Armour         | 3 |  3.2
Dodging        | 5 |  5.0
Translocations | |  5.6

Action                   |  1- 3 |  4- 6 || total
-------------------------+-------+-------++-------
Melee: Spear             |   130 |       ||   130
       Bite              |    11 |    22 ||    33
       Punch             |     2 |     8 ||    10
       Dagger            |       |   190 ||   190
Throw: Boomerang         |     3 |     8 ||    11
 Stab: Sleeping          |     1 |       ||     1
Armor: Leather armour    |    15 |       ||    15
       Ring mail         |     6 |       ||     6
       Robe              |       |    40 ||    40
Dodge: Dodged            |    53 |    78 ||   131
